 Dungeon Crawl Stone Soup version 0.29.1-2-gbd0b4ee654 (webtiles) character file.

Game seed: 604986804897465336

8336 Firos the Destroyer (level 11, -1/61 HPs)
             Began as a Deep Elf Fire Elementalist on Nov 9, 2022.
             Was an Initiate of Vehumet.
             Slain by a komodo dragon (28 damage)
             ... on level 9 of the Dungeon.
             The game lasted 00:36:11 (11126 turns).

Firos the Destroyer (Deep Elf Fire Elementalist)   Turns: 11126, Time: 00:36:11

Health: -1/61      AC: 10    Str:  5    XL:     11   Next: 8%
Magic:  20/27      EV: 12    Int: 25    God:    Vehumet [......]
Gold:   62         SH:  4    Dex: 15    Spells: 11/30 levels left

rFire   + + .      SeeInvis +   k - +2 dagger (venom)
rCold   . . .      Faith    .   (no shield)
rNeg    . . .      Spirit   .   s - +0 steam dragon scales
rPois   +          Reflect  .   f - +1 helmet "Noetevota" {rPois}
rElec   .          Harm     .   (no cloak)
rCorr   .          Rampage  .   j - +1 pair of gloves "Xenipp" {rC+ Will+ Stlth+}
Will    ++...                   a - +0 pair of boots
Stlth   +++.......              (no amulet)
HPRegen 0.20/turn               q - ring of fire
MPRegen 0.20/turn               h - ring of protection from fire

@: no status effects
A: large bone plates 1, see invisible
a: Renounce Religion


You were on level 9 of the Dungeon.
You worshipped Vehumet.
Vehumet was noncommittal.
You visited 3 branches of the dungeon, and saw 11 of its levels.

You collected 620 gold pieces.
You spent 558 gold pieces at shops.

Inventory:

Hand Weapons
 k - a +2 dagger of venom (weapon)
Missiles
 m - 4 throwing nets
Armour
 a - a +0 pair of boots (worn)
 f - the +1 helmet "Noetevota" (worn) {rPois}
   (You acquired it on level 4 of the Dungeon)

   rPois:     It protects you from poison.
 j - the +1 pair of gloves "Xenipp" (worn) {rC+ Will+ Stlth+}
   (You bought it in a shop on level 8 of the Dungeon)

   rC:        It protects you from cold.
   Will:      It increases your willpower.
   Stlth:     It makes you more stealthy.
 n - a +1 leather armour of fire resistance
 r - a +0 buckler
 s - +0 steam dragon scales (worn)
Jewellery
 h - a ring of protection from fire (right hand)
 q - a ring of fire (left hand)
 t - a +6 ring of dexterity
Wands
 g - a wand of acid (6)
 p - a wand of paralysis (19)
 u - a wand of flame (23)
Scrolls
 b - 6 scrolls of identify
 i - 2 scrolls of amnesia
 w - a scroll of teleportation
Potions
 c - a potion of berserk rage
 d - a potion of might
 e - a potion of brilliance
 l - 3 potions of curing
 o - 2 potions of flight
 v - a potion of ambrosia


   Skills:
 + Level 4.0 Fighting
 + Level 2.5 Dodging
 - Level 2.4 Stealth
 + Level 10.2 Spellcasting
 * Level 11.8 Conjurations
 - Level 7.0 Translocations
 + Level 8.9 Fire Magic


You had 11 spell levels left.
You knew the following spells:

 Your Spells              Type           Power      Damage    Failure   Level
a - Foxfire               Conj/Fire      100%       2x1d9     1%          1
b - Scorch                Fire           100%       2d10      1%          2
c - Conjure Flame         Conj/Fire      77%        6-21      1%          3
d - Inner Flame           Hex/Fire       52%        N/A       2%          3
e - Flame Wave            Conj/Fire      77%        2d17      1%          4
f - Teleport Other        Tloc           47%        N/A       1%          3
g - Gell's Gravitas       Tloc           47%        N/A       1%          3

Your spell library contained the following spells:

 Spells                   Type           Power      Damage    Failure   Level
 Lesser Beckoning         Tloc           47%        N/A       1%          3
 Necrotise                Necr           48%        1d6       4%          1
 Sublimation of Blood     Necr           12%        N/A       8%          2
 Wereblood                Tmut           12%        N/A       8%          2
 Lightning Bolt           Conj/Air       21%        1d36      12%         5
 Confusing Touch          Hex            12%        N/A       14%         3
 Vampiric Draining        Necr           12%        2d6       14%         3
 Airstrike                Air            6%         2d(1-17)  43%         4
 Summon Lightning Spire   Summ/Air       12%        N/A       43%         4
 Agony                    Necr           12%        N/A       80%         5
 Yara's Violent Unravell  Hex/Tmut       6%         3d5       80%         5
 Enfeeble                 Hex            6%         N/A       100%        7
 Summon Hydra             Summ           6%         N/A       100%        7


Dungeon Overview and Level Annotations

Branches:
Dungeon (9/15)             Temple (1/1) D:7            Lair (1/5) D:9
    Orc: D:9-12

Altars:
Ashenzari
Cheibriados
Dithmenos
Elyvilon
Fedhas
Gozag
Hepliaklqana
Kikubaaqudgha
Makhleb
Nemelex Xobeh
Okawaru
Qazlal
Ru
Sif Muna
Trog
Uskayaw
Vehumet
Wu Jian
Xom
Yredelemnul
Zin
The Shining One

Shops:
D:1 *   D:4 !   D:5 *   D:8 [


Innate Abilities, Weirdness & Mutations

You are partially covered in large bone plates. (SH +4)
You have supernaturally acute eyesight. (SInv)


Message History

a +0 short sword; a +0 short sword
Things that are here:
a +0 short sword; a +0 club
Things that are here:
2 poisoned darts; a +0 short sword
There is a staircase to the Lair here.
You climb downwards.
Welcome to the Lair of Beasts!
There is a staircase back to the Dungeon here.
A komodo dragon is nearby!
Casting: Foxfire (safe; 1% risk of failure)
Confirm with . or Enter, or press ? or * to list all spells.
You feel a surge of power!
Flames lash the komodo dragon.
The komodo dragon hisses angrily.
The komodo dragon is moderately wounded.
The komodo dragon's fire resistance burns away.
You hear a roar!
Casting: Scorch (safe; 1% risk of failure)
Confirm with . or Enter, or press ? or * to list all spells.
You feel a surge of power!
Flames lash the komodo dragon but do no damage.
The komodo dragon bites you!!
Casting: Scorch (safe; 1% risk of failure)
Confirm with . or Enter, or press ? or * to list all spells.
You feel a surge of power!
Flames lash the komodo dragon.
The komodo dragon is burned terribly!
The komodo dragon is almost dead.
You hear a roar!
The komodo dragon barely misses you.
Casting: Scorch (safe; 1% risk of failure)
Confirm with . or Enter, or press ? or * to list all spells.
You feel a surge of power!
Flames lash the komodo dragon.
The komodo dragon is burned terribly!
The komodo dragon is almost dead.
The komodo dragon closely misses you.
A four-headed hydra comes into view.
The komodo dragon bites you!
You climb upwards.
Welcome back to the Dungeon!
There is a staircase to the Lair here.
The komodo dragon bites you!!
You die...

### ########## ##.##
#........# #...# #.######'#
##...#####.# #8...
####......##..# #....
##....##......## ###..
##...####.......## #A#..
###..........##....# #####
#......#l@#........#######
##.....#.##.........##...#
##.....<...)[.)..[[.......#
#....(..........[.<....#...
##...##(###............#...
##...#)######...........#.
#...##)...###...........#.
###
##...#.....##...........#.
#.#
#....(..#..#.............


You could see a komodo dragon (combustible).

Vanquished Creatures
  2 two-headed ogres (D:9)
  Pikel (D:9)
  A troll (D:9)
  Grinder (D:5)
  A hornet (D:8)
  A wyvern (D:8)
  13 yaks
  4 steam dragons
  2 water moccasins (D:7)
  Menkaure (D:5)
  An orc warrior (D:8)
  2 ice beasts
  A sky beast (D:7)
  2 ogres (D:5)
  A phantom (D:4)
  3 centaurs
  4 lemures (D:9)
  2 kobold brigands
  A bullfrog (D:7)
  A gnoll sergeant (D:8)
  2 scorpions
  A necrophage (D:8)
  3 wights (D:9)
  10 killer bees
  6 howler monkeys (D:8)
  4 hounds (D:5)
  A jelly (D:7)
  5 orc priests
  2 gnoll boudas
  5 iguanas
  7 orc wizards
  A mummy (D:4)
  25 gnolls
  9 adders
  A shadow imp (D:6)
  A white imp (D:6)
  An ufetubus (D:7)
  2 worms
  2 dart slugs
  16 orcs
  4 bats
  6 endoplasms
  3 giant cockroaches
  5 goblins
  9 hobgoblins
  9 jackals
  26 kobolds
  5 quokkas
  5 ball pythons
  3 frilled lizards
  2 goblin skeletons (D:6)
  2 goblin zombies (D:6)
  3 kobold skeletons (D:6)
  A kobold zombie (D:6)
  An orc skeleton (D:6)
  An orc zombie (D:6)
  5 rats
239 creatures vanquished.

Vanquished Creatures (collateral kills)
  6 foxfires
6 creatures vanquished.

Vanquished Creatures (others)
  869 foxfires
  14 fungi (D:5)
  A plant (D:1)
884 creatures vanquished.

Grand Total: 1129 creatures vanquished

Notes
Turn   | Place    | Note
-------+----------+-------------------------------------------
     0 | D:1      | Firos the Deep Elf Fire Elementalist began the quest for
                  | the Orb.
     0 | D:1      | Reached XP level 1. HP: 10/10 MP: 6/6
   423 | D:1      | Reached XP level 2. HP: 15/15 MP: 1/8
   498 | D:1      | Learned a level 2 spell: Scorch
   547 | D:1      | Reached skill level 2 in Conjurations
   863 | D:1      | Found Tisapey's Assorted Antiques.
  1137 | D:1      | Found a faded altar of an unknown god.
  1194 | D:1      | Reached XP level 3. HP: 19/19 MP: 8/10
  1198 | D:1      | Learned a level 3 spell: Conjure Flame
  1202 | D:1      | Learned a level 3 spell: Inner Flame
  2242 | D:3      | Found an ornate altar of the Wu Jian Council.
  2255 | D:3      | Reached skill level 3 in Conjurations
  2257 | D:3      | Reached XP level 4. HP: 24/24 MP: 5/11
  2413 | D:3      | Gained mutation: You have supernaturally acute eyesight.
                  | (SInv) [potion of mutation]
  2413 | D:3      | Gained mutation: You are partially covered in large bone
                  | plates. (SH +4) [potion of mutation]
  2963 | D:4      | Identified a scroll of acquirement
  2963 | D:4      | Acquired the +1 helmet "Noetevota" {rPois}
  3023 | D:4      | Reached XP level 5. HP: 14/28 MP: 6/13
  3024 | D:4      | Reached skill level 4 in Conjurations
  3549 | D:4      | Found Zexopre's Distillery.
  3554 | D:4      | Bought a potion of heal wounds for 65 gold pieces
  3609 | D:4      | Found a snail-covered altar of Cheibriados.
  3843 | D:4      | Noticed a phantom
  3856 | D:4      | Killed a phantom
  3857 | D:4      | Reached skill level 5 in Spellcasting
  3857 | D:4      | Reached skill level 5 in Conjurations
  3857 | D:4      | Reached XP level 6. HP: 32/32 MP: 5/15
  3862 | D:4      | Learned a level 4 spell: Flame Wave
  4158 | D:5      | Entered Level 5 of the Dungeon
  4215 | D:5      | Reached skill level 5 in Fire Magic
  4463 | D:5      | Reached skill level 6 in Conjurations
  4463 | D:5      | Reached XP level 7. HP: 29/36 MP: 11/17
  4467 | D:5      | Learned a level 3 spell: Teleport Other
  4539 | D:5      | Noticed Grinder
  4554 | D:5      | Killed Grinder
  4555 | D:5      | Reached skill level 1 in Translocations
  4741 | D:5      | Found a hide-covered altar of Uskayaw.
  4870 | D:5      | Noticed Menkaure
  4875 | D:5      | Killed Menkaure
  4921 | D:5      | Reached skill level 7 in Conjurations
  4921 | D:5      | Reached XP level 8. HP: 27/41 MP: 0/19
  5084 | D:5      | Found Zogapaosch's Assorted Antiques.
  5118 | D:5      | Bought a pair of gloves for 130 gold pieces
  5123 | D:5      | Bought a dyed leather armour for 145 gold pieces
  5733 | D:6      | Reached skill level 8 in Conjurations
  6081 | D:6      | Found a glowing golden altar of the Shining One.
  6353 | D:6      | Found a sparkling altar of Nemelex Xobeh.
  6648 | D:7      | Reached XP level 9. HP: 46/46 MP: 16/22
  6711 | D:7      | Reached skill level 1 in Fighting
  6792 | D:7      | Found a staircase to the Ecumenical Temple.
  6801 | Temple   | Entered the Ecumenical Temple
  7071 | D:7      | Found an iron altar of Okawaru.
  7179 | D:7      | Reached skill level 9 in Conjurations
  7261 | D:7      | Found an opulent altar of Gozag.
  7882 | D:8      | Reached skill level 5 in Translocations
  8050 | D:8      | Found Gaboh's Antique Armour Shop.
  8055 | D:8      | Bought a pair of dazzling gloves for 218 gold pieces
  8055 | D:8      | Identified the +1 pair of gloves "Xenipp" {rC+ Will+
                  | Stlth+} (You bought it in a shop on level 8 of the Dungeon)
  8109 | D:8      | Reached skill level 10 in Conjurations
  8306 | D:8      | Reached XP level 10. HP: 47/54 MP: 3/24
  8540 | D:8      | Learned a level 3 spell: Gell's Gravitas
  9136 | D:8      | Identified the +2 chain mail "Quybippu" {rPois Str+5}
  9413 | D:9      | Found a staircase to the Lair.
  9414 | D:9      | Noticed Pikel
 10087 | D:9      | Noticed a two-headed ogre
 10266 | D:9      | Found a radiant altar of Vehumet.
 10280 | D:9      | Became a worshipper of Vehumet
 10288 | D:9      | Reached skill level 11 in Conjurations
 10497 | D:9      | Killed Pikel
 10498 | D:9      | Reached skill level 10 in Spellcasting
 10499 | D:9      | Noticed a two-headed ogre
 10505 | D:9      | Killed a two-headed ogre
 10629 | D:9      | Killed a two-headed ogre
 10630 | D:9      | Reached XP level 11. HP: 61/61 MP: 15/27
 10704 | D:9      | Found a glowing silver altar of Zin.
 10704 | D:9      | Noticed an angel
 11119 | Lair:1   | Entered Level 1 of the Lair of Beasts
 11123 | Lair:1   | Noticed a four-headed hydra
 11126 | D:9      | Slain by a komodo dragon

Illustrated notes

Levels and vault maps discovered:
D:1:      dpeg_arrival_boxorama, layout_loops_ring,
          dreamdust_ecumenical_altar_grove, serial_shops, shop
D:2:      layout_basic, kennysheep_pointless_box
D:3:      layout_rooms, mainiacjoe_overflow_catwalk, minmay_misc_feat_rugged,
          minmay_puff
D:4:      layout_loops_ring, slow_altar_2, serial_shops, kennysheep_little_box,
          minmay_goblin_kobold_house
D:5:      kennysheep_steamy, layout_cave_pools, amcnicky_altar_gilded,
          serial_park, serial_park_tiny_1, serial_park_tiny_1,
          serial_park_gazebo [serial_park_minivault_5x5_1], serial_shops,
          shop_statue, minmay_misc_feat_enclosed, moated_statue, uniq_grinder,
          uniq_menkaure
D:6:      minmay_general_purpose_star, layout_basic,
          nicolae_tso_besieged_by_evil, nemelex_xobeh_ov_fountains_minmay
D:7:      layout_cave_pools, mainiacjoe_overflow_boulevard,
          okawaru_altar_gauntlet_db, minmay_temple_entry_antechambers
D:8:      layout_loops_ring, serial_shops, shop, grunt_ministairs_8
D:9:      layout_cave_pools, zin_angel, fiery_altar_vehumet, lair_entry_dummy,
          uniq_pikel
Temple:   nicolae_temple_god_jail
Lair:1:   layout_regular_city, lemuel_fruit_tree

Skill      XL: |  1  2  3  4  5  6  7  8  9 10 |
---------------+-------------------------------+-----
Conjurations   | 2 3 5 6 7 8 10 11 | 11.8
Spellcasting   | 4 5 6 7 8 10 | 10.2
Fire Magic     | 4 5 6 7 8 |  8.9
Translocations | 2 4 5 7 |  7.0
Fighting       | 2 4 |  4.0
Dodging        | |  2.5
Stealth        | |  2.4

Action                   |  1- 3 |  4- 6 |  7- 9 | 10-12 || total
-------------------------+-------+-------+-------+-------++-------
Melee: Unarmed           |     4 |    10 |       |       ||    14
       Dagger            |       |       |     2 |     2 ||     4
 Cast: Foxfire           |    81 |    77 |   234 |   141 ||   533
       Scorch            |     2 |    24 |    25 |    25 ||    76
       Flame Wave        |       |       |     6 |     6 ||    12
       Teleport Other    |       |       |     1 |     3 ||     4
       Gell's Gravitas   |       |       |       |     2 ||     2
Evoke: Wand              |       |       |       |     1 ||     1
  Use: Scroll            |     3 |     8 |     2 |     3 ||    16
       Potion            |       |     4 |     2 |       ||     6
Armor: Robe              |    10 |     7 |       |       ||    17
       Leather armour    |       |       |    17 |     4 ||    21
       Steam dragon scal |       |       |       |    11 ||    11
Dodge: Dodged            |    38 |     8 |    24 |    27 ||    97
Block: Other             |       |     5 |     7 |     3 ||    15
